[Event "Late-Titled-Tuesday-Blitz-April-02-2024"]
[Site "Chess.com"]
[Date "2024.04.02"]
[Round "5"]
[White "remyrushbrooke"]
[Black "kikoveiga"]
[Result "1-0"]
[WhiteElo "2251"]
[BlackElo "2478"]
[TimeControl "180+1"]
[EndTime "14:54:10 PDT"]
[Termination "remyrushbrooke won by resignation"]

1. Nf3 Nf6 2. g3 g6 3. Bg2 Bg7 4. d4 O-O 5. c4 d6 6. Nc3 Nc6 7. O-O e5 8. dxe5 dxe5 9. Qxd8 Rxd8 10. Bg5 h6 11. Bxf6 Bxf6 12. Nd5 Bg7 13. Nxc7 Rb8 14. Nd5 Be6 15. e4 b5 16. Nd2 Nd4 17. Rfd1 Kf8 18. c5 f5 19. b4 fxe4 20. Nc7 Bf5 21. Bxe4 Rbc8 22. Na6 Ke7 23. a4 Ne2+ 24. Kf1 Nc3 25. Bxf5 gxf5 26. axb5 Nxd1 27. Rxd1 e4 28. Ke2 Bc3 29. Nc4 Rxd1 30. Kxd1 Ke6 31. Kc2 Be5 32. Kb3 Bd4 33. b6 axb6 34. cxb6 Bxf2 35. b7 Rd8 36. b8=Q Rxb8 37. Nxb8 e3 38. Nxe3 Bxe3 39. Na6 f4 40. gxf4 Bxf4 41. h3 Bd6 42. Nc5+ Kf5 43. Nd3 Kg5 44. b5 Kh4 45. Nf2 Kg3 46.
Ne4+ Kxh3 47. Nxd6 Kg3 48. b6 h5 49. b7 h4 50. b8=Q Kg2 51. Ne4 h3 52. Qg8+ Kf3 53. Qh7 h2 54. Qxh2 Ke3 55. Qg3+ 1-0

[Event "Late-Titled-Tuesday-Blitz-April-02-2024"]
[Site "Chess.com"]
[Date "2024.04.02"]
[Round "5"]
[White "Slovak_fighter2000"]
[Black "SergioMoralesG"]
[Result "0-1"]
[WhiteElo "2553"]
[BlackElo "2421"]
[TimeControl "180+1"]
[EndTime "14:54:11 PDT"]
[Termination "SergioMoralesG won by checkmate"]

1. c4 c5 2. Nc3 Nc6 3. g3 g6 4. Bg2 Bg7 5. e4 d6 6. Nge2 e6 7. d3 Nge7 8. Be3 Nd4 9. O-O O-O 10.
Rb1 Nec6 11. a3 Rb8 12. b4 Nxe2+ 13. Nxe2 cxb4 14. axb4 b5 15. c5 a5 16. bxa5 Nxa5 17. cxd6 Qxd6 18. d4 Nc4 19. Bf4 e5 20. dxe5 Bxe5 21.
Qxd6 Bxd6 22. Bxd6 Nxd6 23. e5 Nc4 24. f4 Bf5 25.
Rb4 Rfd8 26. Rc1 Ne3 27. Be4 Rd2 28. Bxf5 gxf5 29. Nd4 Ra8 30. Nf3 Rg2+ 31. Kh1 Raa2 32. Rb3 Rae2 33. Rg1 Rgf2 34. Rxe3 Rxe3 35. Nh4 Ree2 36.
Rc1 Rxh2+ 37. Kg1 Kg7 38. Rc6 h5 39. Nxf5+ Kh7 40. Nh4 Rh3 41. Nf5 b4 42. Rb6 b3 43.
Rxb3 Ra2 44. Rb7 Rhh2 45. Nh4 Kg7 46. e6 Rhd2 47. Rxf7+ Kg8 48. Nf3 Rd1+ 49. Ne1 Rxe1# 0-1

[Event "Late-Titled-Tuesday-Blitz-April-02-2024"]
[Site "Chess.com"]
[Date "2024.04.02"]
[Round "5"]
[White "GoltsevDmitry2000"]
[Black "dolynachess"]
[Result "0-1"]
[WhiteElo "2780"]
[BlackElo "2531"]
[TimeControl "180+1"]
[EndTime "14:54:14 PDT"]
[Termination "dolynachess won on time"]

1. e4 c5 2. Nf3 d6 3. d4 cxd4 4. Nxd4 Nf6 5. Nc3 g6 6. Be2 Nc6 7. O-O Nxd4 8. Qxd4 Bg7 9. Be3 O-O 10. Qd2 Bd7 11.
Rad1 Re8 12. f4 Qa5 13. e5 Ng4 14. Bd4 dxe5 15. fxe5 Bxe5 16. h3 Nf6 17. Bxe5 Qxe5 18. Rxf6 Qxf6 19. Qxd7 Qb6+ 20. Kh1 Qxb2 21. Ne4 Qxc2 22.
Bf3 Rad8 23. Qxd8 Rxd8 24. Rxd8+ Kg7 25. Rd7 Kf8 26. Rxb7 Qxa2 27. Kh2 a5 28. Nc5 a4 29. Nd7+ Kg7 30. Ne5 Qa3 31. Nc6 Qd6+ 32. g3 a3 33. Ra7 Qd2+ 34. Bg2 a2 35. Nb4 Qxb4 36. Rxa2 e5 37. Re2 Qc5 38. Re4 Qd6 39. Ra4 f5 40. Ra7+ Kh6 41. h4 Qd2 42. Rb7 e4 43. Re7 Qf2 44. Kh3 Qg1 45. g4 fxg4+ 46. Kg3 e3 47.
Re4 Qf2+ 48. Kxg4 Qxg2+ 49. Kf4 e2 0-1

[Event "Late-Titled-Tuesday-Blitz-April-02-2024"]
[Site "Chess.com"]
[Date "2024.04.02"]
[Round "5"]
[White "prime-morty"]
[Black "AktilekAskarovich"]
[Result "0-1"]
[WhiteElo "2583"]
[BlackElo "2448"]
[TimeControl "180+1"]
[EndTime "14:54:17 PDT"]
[Termination "AktilekAskarovich won on time"]

1. c4 c6 2. Nc3 d5 3. e3 Nf6 4. Nf3 Nbd7 5. cxd5 cxd5 6. b3 e5 7. Bb2 a6 8. Be2 Bd6 9. O-O h5 10. d3 Qe7 11. e4 d4 12. Nb1 h4 13. h3 Nc5 14.
Nbd2 g5 15. Nh2 Ne6 16. Bg4 Nf4 17. Nc4 b5 18. Nb6 Bxg4 19. Nxg4 Rb8 20. Nxf6+ Qxf6 21. Nd5 Nxd5 22. exd5 Qf4 23. Bc1 Qf5 24. Qf3 Qxf3 25. gxf3 f6 26. Bd2 Kd7 27. b4 Rhc8 28. Rfc1 Be7 29. Rxc8 Rxc8 30. a4 Rc2 31. Be1 Kd6 32. axb5 axb5 33. Ra5 Rc1 34. Kf1 Kxd5 35. Rxb5+ Kc6 36.
Rb8 Bd6 37. Rc8+ Bc7 38. Ke2 Kd7 39. Rf8 Ke7 40. Ra8 Rc2+ 41. Kd1 Rb2 42. Bd2 Bd6 43. Kc1 Rxd2 44. Kxd2 Bxb4+ 45. Kc2 Be1 46. Kb3 Bxf2 47. Kc4 Ke6 48. Ra6+ Kf5 49. Kd5 Be3 50. Rc6 Bd2 51.
Rb6 Be3 52. Rb8 Kf4 53. Rf8 Kxf3 54. Rxf6+ Kg3 55. Kxe5 Kxh3 56. Ke4 g4 57. Rg6 g3 58. Kf3 Kh2 59. Rg4 Kh3 60. Rg6 Bd2 61. Rg4 Be1 62. Rg6 Kh2 63. Rg4 h3 64. Ke2 Bf2 65. Kf3 Kg1 66.
Rg8 h2 0-1

[Event "Late-Titled-Tuesday-Blitz-April-02-2024"]
[Site "Chess.com"]
[Date "2024.04.02"]
[Round "5"]
[White "Msb2"]
[Black "Polish_fighter3000"]
[Result "0-1"]
[WhiteElo "3036"]
[BlackElo "3165"]
[TimeControl "180+1"]
[EndTime "14:54:21 PDT"]
[Termination "Polish_fighter3000 won by checkmate"]

1. d4 Nf6 2. c4 e6 3. Nc3 Bb4 4. e3 O-O 5. Bd2 c5 6. a3 Bxc3 7. Bxc3 Ne4 8. Ne2 b6 9. d5 Ba6 10. Qd3 exd5 11. Qxd5 Qe7 12. b3 Nc6 13. Bb2 Rad8 14.
Ng3 Nf6 15. Qg5 h6 16. Qf4 d5 17. Nf5 Qe4 18. Qxe4 Nxe4 19. Nxh6+ gxh6 20. f3 Ng5 21. h4 Ne6 22. cxd5 Bxf1 23. dxe6 Bd3 24. Rh3 fxe6 25.
b4 Kf7 26. Rc1 c4 27. h5 Rg8 28. g4 e5 29. Kf2 b5 30. Rg3 Ke7 31. Bc3 Rdf8 32.
Rcg1 Rg5 33. Bd2 a6 34. e4 Kf6 35. Ke3 Ra8 36. Bc3 Ke6 37. f4 exf4+ 38. Kxf4 Rf8+ 39. Ke3 Ne5 40. a4 bxa4 41. Ra1 Nxg4+ 42. Kd2 Rf2+ 43.
Kc1 Rf1+ 44. Kb2 Rxa1 45. Kxa1 Bxe4 46. Rg1 Rg8 47. Rd1 Bd3 48. Kb2 Kf5 49. Ka3 Re8 50.
Bg7 Re7 51. Bf8 Re6 52. Bc5 Nf6 53. Rg1 Nxh5 54. Kxa4 Nf4 55. Ka5 c3 56. Rg8 c2 57.
Rf8+ Rf6 58. Rc8 c1=Q 59. b5 Qc3+ 60. Bb4 Qa1+ 61. Ba3 Qxa3# 0-1

[Event "Late-Titled-Tuesday-Blitz-April-02-2024"]
[Site "Chess.com"]
[Date "2024.04.02"]
[Round "5"]
[White "gorgeous1083"]
[Black "andrzej"]
[Result "1-0"]
[WhiteElo "2262"]
[BlackElo "2474"]
[TimeControl "180+1"]
[EndTime "14:54:23 PDT"]
[Termination "gorgeous1083 won by checkmate"]

1. d4 Nf6 2. c4 e6 3. Nf3 d5 4. Nc3 a6 5. cxd5 exd5 6. Bf4 Bd6 7. Bg3 c6 8. e3 Bf5 9. Bd3 Bxd3 10. Qxd3 O-O 11. O-O Re8 12. a4 a5 13. Ne5 Na6 14. Qf5 g6 15. Qf3 Qe7 16. Bh4 Kg7 17. Ng4 Nxg4 18.
Bxe7 Nxh2 19. Qf6+ Kg8 20. Qxd6 Ng4 21. Bg5 Re6 22. Qf4 f5 23. Rae1 Nb4 24. Qc7 h6 25.
Qxb7 Rae8 26. Bf4 Nd3 27. Rd1 Nb4 28. f3 Nf6 29. Bxh6 R8e7 30. Qa8+ Kh7 31. Bg5 Rf7 32.
Bxf6 Rexf6 33. Qxa5 Nc2 34. Rd3 f4 35. e4 Ne3 36.
Re1 Nc4 37. Qc5 Nxb2 38. Rd2 Nc4 39. Ra2 Rb7 40. Nxd5 cxd5 41. Qxd5 Rc7 42. e5 Rf5 43. a5 Ne3 44. Qe4 Rc3 45. Rxe3 Rxe3 46. Qb7+ Kh6 47.
a6 Re1+ 48. Kf2 Rb1 49. Qe4 Rb2+ 50. Rxb2 Rf7 51. Rb7 Rxb7 52. axb7 Kg5 53. b8=Q Kh4 54. Qd8+ g5 55. Qh8# 1-0

[Event "Late-Titled-Tuesday-Blitz-April-02-2024"]
[Site "Chess.com"]
[Date "2024.04.02"]
[Round "5"]
[White "Jospem"]
[Black "Hikaru"]
[Result "0-1"]
[WhiteElo "3040"]
[BlackElo "3270"]
[TimeControl "180+1"]
[EndTime "14:54:27 PDT"]
[Termination "Hikaru won by resignation"]

1. e4 d5 2. exd5 Qxd5 3. Nf3 Qa5 4. Be2 c5 5. O-O Nc6 6. c3 Bf5 7. d4 cxd4 8. Nxd4 Nxd4 9. Qxd4 Rd8 10. Qc4 a6 11.
Qb3 Qc7 12. Be3 Rd7 13. Na3 Nf6 14. Rad1 Be4 15. Rxd7 Nxd7 16. Qc4 Qxc4 17. Nxc4 e6 18. Rd1 Bd5 19. Na5 Be7 20. c4 Be4 21. a3 Bd8 22.
Rd4 f5 23. Rxe4 fxe4 24. Nxb7 Bc7 25. c5 a5 26. b4 axb4 27. axb4 Ke7 28. c6 Nb6 29.
Bc5+ Kf6 30. Nd6 Nd5 31. Nxe4+ Ke5 32. Nd2 Ra8 33. g3 Nc3 34. Bd3 Kd5 35. Bc4+ Kxc6 36. Bxe6 Bd6 37. Nb3 Bxc5 38. Nxc5 Ra1+ 39. Kg2 Rb1 40.
Nd3 Kd6 41. Bg8 h6 42. Bh7 Rb3 43. Bg8 Rb1 44. Bh7 Nb5 45. h4 Nd4 46. h5 Rb3 47.
Bg6 Nc6 48. Nc5 Rxb4 49. Ne4+ Ke7 50. Nc3 Rc4 51. Nd5+ Kf8 52. Ne3 Ra4 53. Nd5 Ne5 54.
Bf5 Ra5 55. Ne3 Kf7 56. Be4 Nd7 57. Bg6+ Ke7 58. f4 Nf6 59. Nf5+ Kf8 60. Nd4 Nxh5 61. Ne6+ Kg8 62. Kh3 Nf6 63. Bc2 Ra3 64. Bf5 Nh5 65. Kg4 Nxg3 66. Bg6 Ne2 0-1

[Event "Late-Titled-Tuesday-Blitz-April-02-2024"]
[Site "Chess.com"]
[Date "2024.04.02"]
[Round "5"]
[White "Fengwi"]
[Black "BabageldiAnnaberdiyev"]
[Result "1-0"]
[WhiteElo "2461"]
[BlackElo "2588"]
[TimeControl "180+1"]
[EndTime "14:54:28 PDT"]
[Termination "Fengwi won by checkmate"]

1. Nf3 c5 2. b4 cxb4 3. a3 bxa3 4. Bxa3 Nc6 5. e4 d6 6. d4 Nf6 7.
Bd3 Bd7 8. O-O e5 9. dxe5 dxe5 10. Bxf8 Kxf8 11. Qc1 h6 12. Nc3 Bg4 13. Qe3 Bxf3 14. Qxf3 Nd4 15. Qg3 Qe7 16. Rfe1 Nc6 17. Nd5 Qd6 18.
c4 a6 19. Rab1 Rb8 20. Rb6 Qc5 21. Reb1 Qd4 22. Rxc6 Nxe4 23. Bxe4 Qxe4 24. Rcb6 Qxc4 25. Qxe5 Re8 26. Qd6+ Kg8 27. Rxb7 Qe4 28. h3 Kh7 29. Nc3 Qf5 30. Qxa6 Re6 31. Qa7 Rg6 32. Rxf7 Rc8 33.
Rbb7 Qe5 34. Ne2 Rc2 35. Ng3 Rc1+ 36. Kh2 Ra1 37. Qe3 Qxe3 38. fxe3 Re1 39. Nf5 Re2 40. Rxg7+ Rxg7 41. Rxg7+ Kh8 42. Rg3 h5 43. Rg5 h4 44.
Rh5+ Kg8 45. Rxh4 Kf7 46. Rg4 Kf6 47. Ng3 Rxe3 48. Rf4+ Kg5 49. Rf3 Re1 50. Nh1 Kh4 51.
Nf2 Ra1 52. g3+ Kh5 53. Kg2 Kg6 54. h4 Kh5 55. Kh3 Kg6 56. g4 Ra2 57. Kg3 Rb2 58. Nh3 Ra2 59. Nf4+ Kh6 60. Rc3 Ra6 61. g5+ Kh7 62. Kg4 Ra7 63. Rd3 Kg7 64. h5 Rb7 65. h6+ Kh7 66. Kh5 Rb8 67. Rd7+ Kg8 68. Rg7+ Kh8 69. Ng6# 1-0

[Event "Late-Titled-Tuesday-Blitz-April-02-2024"]
[Site "Chess.com"]
[Date "2024.04.02"]
[Round "5"]
[White "Zq1"]
[Black "Akhayan"]
[Result "1-0"]
[WhiteElo "2618"]
[BlackElo "2446"]
[TimeControl "180+1"]
[EndTime "14:54:31 PDT"]
[Termination "Zq1 won by checkmate"]

1. d4 Nf6 2. c4 g6 3. Nc3 d5 4. Nf3 Bg7 5. cxd5 Nxd5 6. Bd2 Nb6 7. Bg5 O-O 8. e3 c5 9. dxc5 N6d7 10. Rc1 Nc6 11. Bb5 Nxc5 12. Qxd8 Rxd8 13. O-O Ne6 14.
Bh4 Bd7 15. Bxc6 Bxc6 16. Bxe7 Rd7 17. Ba3 Rc8 18. Nb5 Ra8 19. Nbd4 Nxd4 20. Nxd4 Bxd4 21.
exd4 Rxd4 22. f3 Rd2 23. Rf2 Rad8 24. h4 Rxf2 25. Kxf2 Rd2+ 26. Kg3 h5 27. Re1 Rd8 28. Re7 Re8 29. Rc7 a6 30. Bb4 Kg7 31. Bc3+ Kg8 32.
Kf4 Rd8 33. Kg5 Kf8 34. Kh6 Rd7 35. Rc8+ Ke7 36. Kg7 Ke6 37. Bf6 Bd5 38. Re8+ Kf5 39. Re5+ Kf4 40. Re2 Kg3 41. Rd2 Be6 42. Re2 Rc7 43. a4 Rd7 44. b4 Kh2 45. g4+ Kg3 46.
gxh5 gxh5 47. Re5 Kxf3 48. Rxh5 Kg4 49. Rh8 Bf5 50. h5 Rd1 51. h6 Rg1 52. Kf8 Rc1 53. h7 Rc8+ 54. Kg7 Rxh8 55. Kxh8 Kf4 56. Kg7 Bxh7 57. Kxh7 Ke4 58. a5 Kd5 59. Bd8 Kc4 60.
Kh6 Kb5 61. Kg5 Kxb4 62. Bb6 Kb5 63. Kf6 Kc6 64. Kxf7 Kd7 65. Kf6 Kc8 66. Ke7 Kb8 67. Kd7 Ka8 68. Bc5 Kb8 69. Kd8 Ka8 70. Kc7 b5 71. axb6 a5 72. b7# 1-0

[Event "Late-Titled-Tuesday-Blitz-April-02-2024"]
[Site "Chess.com"]
[Date "2024.04.02"]
[Round "5"]
[White "ImportedItalianMaple"]
[Black "sacrifoice"]
[Result "1-0"]
[WhiteElo "2533"]
[BlackElo "2289"]
[TimeControl "180+1"]
[EndTime "14:54:33 PDT"]
[Termination "ImportedItalianMaple won by resignation"]

1. e4 c5 2. Nf3 d6 3. Bb5+ Nd7 4. O-O Nf6 5. Re1 g6 6. c3 Bg7 7. d4 cxd4 8. cxd4 O-O 9. Nc3 a6 10. Bf1 e5 11. Bg5 h6 12. Bh4 g5 13. Bg3 Re8 14. Bc4 Qc7 15. Qb3 Nb6 16. Bd3 Nh5 17. dxe5 dxe5 18. Rac1 Nxg3 19. hxg3 Be6 20. Nd5 Bxd5 21.
exd5 Qd6 22. Be4 Rac8 23. a4 a5 24. Qb5 Qb4 25. Qxb4 axb4 26. b3 Nd7 27. Bf5 Rxc1 28. Rxc1 Nf6 29. d6 Rd8 30. d7 Kf8 31. Nxe5 Nd5 32.
Rc8 Ke7 33. Nxf7 Rxd7 34. Bxd7 Kxd7 35. Rd8+ Kc6 36. Rd6+ Kc5 37. Rd7 b6 38. Nd6 Bf8 39.
Ne4+ Kc6 40. Rf7 Be7 41. f4 gxf4 42. gxf4 h5 43. g3 Kd7 44. Kg2 Ke6 45. Rh7 Ne3+ 46.
Kf3 Nc2 47. Rh6+ Kd5 48. Nd2 Bc5 49. Rxh5+ Kd4 50. f5 Kd3 51. Ne4 Nd4+ 52. Kf4 Nxb3 53. f6 Bf8 54. f7 Nd4 55. Rh8 Ne6+ 56. Kf5 b3 57. Nf2+ Ke2 58. Kxe6 b2 59. Rh1 Kxf2 60. Rb1 Bg7 61. Rxb2+ Bxb2 62. f8=Q+ 1-0

[Event "Late-Titled-Tuesday-Blitz-April-02-2024"]
[Site "Chess.com"]
[Date "2024.04.02"]
[Round "5"]
[White "AjedrezenMadrid"]
[Black "Supelyel"]
[Result "0-1"]
[WhiteElo "2565"]
[BlackElo "2428"]
[TimeControl "180+1"]
[EndTime "14:54:35 PDT"]
[Termination "Supelyel won on time"]

1. Nf3 Nf6 2. b3 d6 3. Bb2 Nbd7 4. d4 c6 5. g3 Qc7 6. Bg2 e5 7. Nbd2 Be7 8. O-O O-O 9. e4 Re8 10. Re1 Bf8 11. c4 a5 12. a3 b6 13. Rc1 Bb7 14. Nf1 g6 15. h3 Bh6 16. Rc2 Rad8 17. Ne3 Nxe4 18. Ng4 Bg7 19. Rxe4 f5 20. Ree2 fxg4 21. hxg4 Re7 22. dxe5 dxe5 23. Rcd2 Rde8 24. b4 axb4 25. axb4 c5 26. b5 e4 27. Bxg7 exf3 28. Rxe7 Rxe7 29. Bxf3 Bxf3 30. Qxf3 Kxg7 31. g5 Ne5 32. Qf6+ Kg8 33. Ra2 Re8 34. Re2 Qe7 35. Kf1 Qxf6 36. gxf6 Kf7 37.
Ra2 Nxc4 38. Ra7+ Kxf6 39. Rxh7 Nd6 40. f4 Nxb5 41. Kf2 Nd4 42. g4 Rb8 43. Rc7 b5 44. Ke3 b4 45. Ke4 Ne6 46. g5+ Nxg5+ 47. fxg5+ Kxg5 48. Rxc5+ Kh6 49. Rc2 b3 50. Rh2+ Kg5 51. Rg2+ Kh4 52. Rb2 g5 53. Kf3 g4+ 54. Kg2 Rb4 55.
Kh2 g3+ 56. Kg2 Kg4 57. Kg1 Kh3 58. Kf1 Rf4+ 59. Kg1 Re4 60. Kf1 Rf4+ 61. Kg1 Rc4 62. Kf1 Rc1+ 63. Ke2 Rc2+ 64. Kf1 Rxb2 65. Ke1 Rc2 66.
Kd1 Kg4 0-1

[Event "Late-Titled-Tuesday-Blitz-April-02-2024"]
[Site "Chess.com"]
[Date "2024.04.02"]
[Round "5"]
[White "ameetghasi100"]
[Black "subham777"]
[Result "1-0"]
[WhiteElo "2804"]
[BlackElo "2563"]
[TimeControl "180+1"]
[EndTime "14:54:37 PDT"]
[Termination "ameetghasi100 won on time"]

1. b3 d5 2. Bb2 e6 3. Nf3 Nf6 4. e3 Be7 5. c4 O-O 6. Qc2 c5 7. cxd5 Nxd5 8. h4 Nb4 9. Qc1 N8c6 10. a3 Nd3+ 11. Bxd3 Qxd3 12. Qc3 Qxc3 13. Bxc3 b5 14. O-O Bb7 15. Rc1 Rfd8 16. d4 cxd4 17. Nxd4 Nxd4 18. Bxd4 Rac8 19. Nc3 a6 20. h5 Rc6 21. a4 Rdc8 22. axb5 axb5 23. Ra7 R8c7 24. Be5 Rd7 25. Rd1 Rxd1+ 26. Nxd1 Rc1 27. Rxb7 Rxd1+ 28. Kh2 Bf8 29. Rb8 Rd5 30. f4 f6 31. Bc3 Rxh5+ 32. Kg3 Kf7 33. Kf3 Rd5 34. g4 Rd3 35. Rc8 b4 36. Bd4 Rxb3 37.
Rc7+ Ke8 38. Ke4 Rb1 39. f5 exf5+ 40. gxf5 b3 41. Kd5 b2 42. Rb7 Ba3 43. Ke6 Kd8 44.
Kf7 Kc8 45. Rb3 Rd1 46. Bxb2 Rd7+ 47. Kg8 Bxb2 48. Rxb2 g6 49. e4 gxf5 50. exf5 Rd5 51. Rf2 Rd7 52. Rc2+ Kd8 53. Kf8 Rd5 54. Rf2 Kd7 55.
Kf7 Rd6 56. Rh2 Kc6 57. Rc2+ Kb5 58. Ke7 Ra6 59. Rh2 Kc5 60. Rd2 Kc4 61. Kf7 Kc3 62. Rd8 Kc4 63. Rd1 Kc3 64. Kg7 Kc2 65. Rh1 Kd3 66.
Kxh7 Ke4 67. Kg6 1-0

[Event "Late-Titled-Tuesday-Blitz-April-02-2024"]
[Site "Chess.com"]
[Date "2024.04.02"]
[Round "5"]
[White "AsaHoffmann"]
[Black "DirtyKabab"]
[Result "1-0"]
[WhiteElo "2423"]
[BlackElo "2563"]
[TimeControl "180+1"]
[EndTime "14:54:37 PDT"]
[Termination "AsaHoffmann won on time"]

1. d4 Nf6 2. Bg5 e6 3. Nd2 h6 4.
Bh4 d5 5. e3 c5 6. c3 Nc6 7. f4 Be7 8. Bd3 b6 9. Ngf3 Bb7 10.
O-O Ng4 11. Bxe7 Nxe7 12. Qe1 O-O 13. h3 Nf6 14. Ne5 Ne4 15. Bxe4 dxe4 16. Rd1 cxd4 17. exd4 f6 18. Ng4 f5 19. Ne5 Kh7 20. Qg3 Qe8 21.
Rfe1 Rg8 22. h4 Qh5 23. Nf1 Nd5 24. Ne3 Nf6 25. Rd2 Rad8 26. c4 g5 27. hxg5 hxg5 28.
Rf1 gxf4 29. Qxf4 Qg5 30. Qxg5 Rxg5 31. Nf7 Rdg8 32. Nxg5+ Rxg5 33. Rdf2 Rg3 34. Re1 Kg6 35. Kh2 Rg5 36. g3 Rh5+ 37. Kg2 Rh8 38. Rd1 Rd8 39.
b3 Ng4 40. Nxg4 e3+ 41. Kf1 exf2 42. Nxf2 Bf3 43. Rd2 Rh8 44. Nd3 Kg5 45. Nf4 Kg4 46. Kf2 Rh2+ 47. Ke3 Rh1 48. Nxe6 Re1+ 49. Kd3 Rxe6 50.
d5 Be4+ 51. Kd4 Re8 52. b4 Kxg3 53. c5 bxc5+ 54. bxc5 Bxd5 55. Rd3+ Bf3 56. Rc3 f4 57. c6 Rc8 58. c7 Kg4 59. Ke5 Bb7 60. Kd6 Rf8 61. Rb3 Bc8 62. Ke7 Rh8 63. Rd3 f3 64.
Rd8 Rh7+ 65. Kd6 Bf5 66. Rg8+ Kf4 67. c8=Q Rd7+ 68. Kc6 Rd6+ 69. Kxd6 Bxc8 70. Rxc8 f2 71. Rf8+ Ke3 72. Kc7 a5 73. a4 Ke2 74. Kb6 f1=Q 75.
Rxf1 Kxf1 76. Kxa5 1-0

[Event "Late-Titled-Tuesday-Blitz-April-02-2024"]
[Site "Chess.com"]
[Date "2024.04.02"]
[Round "5"]
[White "Korchmar_Vasiliy"]
[Black "Road2GM3000"]
[Result "1-0"]
[WhiteElo "2736"]
[BlackElo "2490"]
[TimeControl "180+1"]
[EndTime "14:54:39 PDT"]
[Termination "Korchmar_Vasiliy won by resignation"]

1. e4 c5 2. d4 cxd4 3. Qxd4 Nc6 4. Qd3 d6 5. Nc3 Nf6 6. Nf3 g6 7. Be2 Bg7 8. O-O O-O 9. Nd5 Nd7 10. c3 b6 11. Bg5 Re8 12. Rad1 Nde5 13. Nxe5 Nxe5 14.
Qe3 Bb7 15. f4 Nd7 16. e5 Bxd5 17. Rxd5 Qc7 18. e6 Nf6 19. Rd2 Qc5 20. Rd4 Nd5 21.
Qe4 Nc7 22. exf7+ Kxf7 23. f5 Kg8 24. Be3 Bxd4 25. Bxd4 Qd5 26. Qxd5+ Nxd5 27. Bc4 e6 28. fxe6 Ne7 29. Rf7 d5 30. Rg7+ Kf8 31. Rf7+ Kg8 32. Bb5 Nf5 33. Bxe8 Rxe8 34. Rxa7 Nxd4 35. cxd4 Rxe6 36.
Rb7 Rc6 37. h3 h5 38. a4 Rc4 39. Rxb6 Rxa4 40. Rxg6+ Kf7 41. Rg5 Rxd4 42. Rxh5 Rd1+ 43. Kh2 Rd2 44. b4 Ke6 45. Rh8 Rb2 46. Rb8 d4 47. b5 d3 48. Rd8 d2 49. b6 Ke7 50. Rd3 Ke6 51. b7 Ke5 52. b8=Q+ Rxb8 53. Rxd2 Kf4 54. Rd4+ Ke3 55. Rg4 Kf2 56. Rf4+ Ke3 57. Rf7 Ke4 58. h4 Rb1 59. Kh3 Ke5 60. g3 Ke6 61. Rf2 Rh1+ 62. Kg4 Ra1 63. h5 Ra4+ 64. Kh3 Ra3 65. Kh4 Ra1 66. g4 Rh1+ 67. Kg5 Ra1 68.
h6 Ra5+ 69. Kh4 Ra3 70. g5 Ra1 71. Kh5 Rh1+ 72. Kg6 Ra1 73. h7 Ra2 74. h8=Q Rxf2 75. Qe8+ Kd5 76. Qd7+ 1-0

[Event "Late-Titled-Tuesday-Blitz-April-02-2024"]
[Site "Chess.com"]
[Date "2024.04.02"]
[Round "5"]
[White "vova-79"]
[Black "Groetzi"]
[Result "1-0"]
[WhiteElo "2563"]
[BlackElo "2380"]
[TimeControl "180+1"]
[EndTime "14:54:39 PDT"]
[Termination "vova-79 won by resignation"]

1. d4 d5 2. c4 c6 3. Nc3 Nf6 4. e3 e6 5. Nf3 dxc4 6. Bxc4 b5 7. Bd3 a6 8. e4 c5 9. e5 Nd5 10. Bg5 Qa5 11. Bd2 Nxc3 12. Bxc3 Qc7 13. dxc5 Bxc5 14.
O-O Bb7 15. Rc1 Qb6 16. Ng5 Nd7 17. Bxh7 b4 18. Bd2 Nxe5 19. Be4 Bxe4 20. Nxe4 Be7 21. Bf4 Ng6 22. Bc7 Qb5 23. Qf3 O-O 24. g3 Rac8 25.
h4 Ne5 26. Bxe5 Qxe5 27. b3 a5 28. Rfe1 a4 29. bxa4 Qa5 30. Qb3 Ra8 31. Nd2 Qxa4 32. Rc2 Qxb3 33. Nxb3 Ra3 34. Ree2 Rfa8 35. Nd4 Bf6 36. Nc6 R3a4 37. Re4 R8a6 38. Nxb4 Rb6 39. a3 Be7 40. Rcc4 Rxa3 41. Nc6 Ra1+ 42. Kg2 Bf6 43. Ne5 Bxe5 44. Rxe5 Rb2 45. Rf4 Raa2 46. Re3 Kf8 47. Rc3 Kg8 48. Rc8+ Kh7 49. Rxf7 Kg6 50. Rcc7 e5 51.
Rxg7+ Kf6 52. Rgf7+ Ke6 53. Rf3 Kd5 54. Rd7+ Ke4 55. Rdf7 Rc2 56. h5 Kd5 57. h6 Rc6 58. R3f6 Rxf6 59. Rxf6 Ra7 60. g4 Rh7 61. g5 e4 62. Kg3 Rxh6 63. gxh6 Ke5 64. Rf8 1-0

[Event "Late-Titled-Tuesday-Blitz-April-02-2024"]
[Site "Chess.com"]
[Date "2024.04.02"]
[Round "5"]
[White "chucksterf10"]
[Black "moro182"]
[Result "0-1"]
[WhiteElo "2654"]
[BlackElo "2897"]
[TimeControl "180+1"]
[EndTime "14:54:40 PDT"]
[Termination "moro182 won by resignation"]

1. Nf3 g6 2. c4 Bg7 3. g3 d6 4. Bg2 Nc6 5. d4 Bd7 6. d5 Ne5 7.
Nxe5 Bxe5 8. f4 Bg7 9. e4 c6 10. Nc3 cxd5 11. cxd5 Rc8 12. O-O Nf6 13. Be3 O-O 14.
Bd4 Rc4 15. Rc1 Ng4 16. Bxg7 Kxg7 17. b3 Qb6+ 18. Kh1 Ne3 19. Qd3 Rc7 20. Rfe1 Nxg2 21. Kxg2 Rfc8 22. f5 Qa5 23. Re3 f6 24. a4 Qb4 25. Qc2 Qd4 26. Rd3 Qxe4+ 27. Nxe4 Rxc2+ 28. Rxc2 Rxc2+ 29. Nf2 Bxf5 30. Re3 Kf7 31. Kf3 h5 32. h3 b6 33. g4 hxg4+ 34. hxg4 Bd7 35. g5 fxg5 36.
Ne4 g4+ 37. Kf4 Bf5 38. Ng5+ Kf6 39. Nh7+ Kf7 40. Ng5+ Ke8 41. Ne6 Rf2+ 42. Kg5 Bxe6 43. dxe6 Rf3 44. Re4 g3 45. Rg4 Rf6 46. Rxg3 Rxe6 47.
Rc3 Kd7 48. b4 a6 49. a5 bxa5 50. bxa5 Re5+ 51. Kxg6 Rxa5 52. Rf3 Rc5 53. Ra3 a5 54. Kf7 Rf5+ 55. Kg6 e6 56. Ra4 Kc6 57. Re4 Re5 58. Rc4+ Kb5 59. Rc8 a4 60. Rd8 Rd5 61. Kf6 e5 62.
Kf5 Rd4 63. Rb8+ Kc4 64. Rc8+ Kb3 65. Rb8+ Rb4 66. Ra8 a3 67. Ke6 a2 68. Kf7 e4 69.
Kg7 e3 70. Kh8 d5 71. Re8 d4 72. Re7 Kc3 73. Rc7+ Kd3 74. Ra7 Rb2 75. Ra3+ Ke4 76. Ra8 e2 77. Re8+ Kd3 78. Ra8 Ke3 79. Ra3+ d3 80.
Ra8 d2 81. Re8+ Kf2 82. Ra8 Rb8+ 83. Rxb8 e1=Q 84. Rf8+ Ke2 85. Re8+ Kd3 86. Ra8 a1=Q+ 87. Kh7 Qe7+ 88. Kg6 Qaf6+ 0-1

[Event "Late-Titled-Tuesday-Blitz-April-02-2024"]
[Site "Chess.com"]
[Date "2024.04.02"]
[Round "5"]
[White "GaiozNigalidze"]
[Black "Smiechu"]
[Result "1-0"]
[WhiteElo "2726"]
[BlackElo "2493"]
[TimeControl "180+1"]
[EndTime "14:54:40 PDT"]
[Termination "GaiozNigalidze won by resignation"]

1. e4 c5 2. Nf3 g6 3. d4 cxd4 4. Nxd4 Nc6 5. Nc3 Bg7 6. Be3 Nf6 7. f3 O-O 8. Bc4 Qb6 9. Qd3 Ne5 10. Qe2 Qxb2 11. Kd2 Qb4 12. Bd3 Nxd3 13. Qxd3 d6 14. Rhb1 Qa5 15. Ke2 Qh5 16. h3 b6 17. g4 Qxh3 18.
Rh1 Qg2+ 19. Bf2 Nxg4 20. fxg4 Bxg4+ 21. Ke3 Bxd4+ 22. Qxd4 e5 23. Qd3 Qf3+ 24. Kd2 Qxf2+ 25. Kc1 Rac8 26. Kb2 Qd4 27. Qxd4 exd4 28. Nd5 Kg7 29. Rhg1 h5 30. Rae1 Rfe8 31. Nf4 Re5 32. Nd3 Rb5+ 33. Kc1 Re8 34. Kd2 f5 35. exf5 Bxf5 36. Rxe8 h4 37. Re7+ Kh6 38. Re2 g5 39. Reg2 g4 40. Rxg4 Bxg4 41.
Rxg4 Kh5 42. Rg8 h3 43. Nf4+ Kh4 44. Rh8+ Kg3 45. Nxh3 Rf5 46. Ng1 Rf2+ 47. Ne2+ Kg4 48. Rg8+ Kh4 49. Kd3 Rf3+ 50. Kxd4 Ra3 51. Nc3 d5 52. Rd8 b5 53. Nxb5 Rxa2 54. Kd3 a6 55.
Nc3 Ra3 56. Rxd5 Kg4 57. Rd4+ Kf5 58. Ra4 Rxa4 59. Nxa4 Ke5 60. Kc4 Kd6 61. c3 Kc6 62. Kb4 Kd5 63. c4+ Kc6 64. Ka5 Kb7 65. Nc5+ Kc6 66. Nxa6 1-0

[Event "Late-Titled-Tuesday-Blitz-April-02-2024"]
[Site "Chess.com"]
[Date "2024.04.02"]
[Round "5"]
[White "Savagelittlemole"]
[Black "KnightDuta"]
[Result "0-1"]
[WhiteElo "2495"]
[BlackElo "2760"]
[TimeControl "180+1"]
[EndTime "14:54:41 PDT"]
[Termination "KnightDuta won by resignation"]

1. e4 d5 2. exd5 Nf6 3. Bb5+ Bd7 4. Bc4 Bg4 5. f3 Bf5 6. Nc3 Nbd7 7. Bb3 Nb6 8. Nge2 Nfxd5 9. O-O e6 10. Ne4 a5 11.
a3 a4 12. Ba2 Be7 13. d4 O-O 14. N2g3 Bg6 15. c4 Nf6 16. Be3 Nxe4 17. fxe4 e5 18. d5 Nd7 19. Nf5 Bc5 20. Qd2 b6 21. Rf3 Bxe3+ 22. Qxe3 Nc5 23. Raf1 Qd7 24. Bb1 Nb3 25. Rg3 f6 26. h4 Bxf5 27. Rxf5 Nd4 28. Rh5 Kh8 29. Bd3 Qf7 30. Be2 Ra5 31. Qd2 Rc5 32. Rc3 c6 33. Bd1 cxd5 34. cxd5 Rfc8 35. Qe3 Nb5 36. Rxc5 Rxc5 37. Kh2 Nd6 38. Qf2 Qe8 39. Bf3 Rc1 40. Qe3 Rc5 41. Qd2 Nxe4 42. Bxe4 Qxh5 43. g3 Qg4 44. Bg2 Qd4 45. Qb4 Qxb4 46. axb4 Rc2 47. Kh3 Rxb2 48. d6 Rd2 49. Bc6 Rxd6 50.
Bxa4 Rd4 51. Bd7 Rxb4 52. h5 Rd4 53. Be8 h6 54. g4 Rb4 55. Kg3 b5 56. Kf3 Rb3+ 57.
Ke4 b4 58. Kf5 Rg3 59. Bf7 b3 60. Be6 b2 61. Ba2 Ra3 62. Bb1 Ra1 63. Kg6 Rxb1 64. g5 Rg1 65. Kf7 Rxg5 0-1